 Dungeon Crawl Stone Soup version 0.27-a0-1529-g1e82c303ef (webtiles) character file.

Game seed: 7078138650974314335

18561 funkygono the Arsonist (level 12, -9/64 HPs)
             Began as a Gargoyle Fire Elementalist on July 12, 2021.
             Mangled by Jorgrun (11 damage)
             ... on level 12 of the Dungeon.
             The game lasted 00:33:12 (15308 turns).

funkygono the Arsonist (GrFE)                      Turns: 15308, Time: 00:33:12

Health: -9/64      AC: 21    Str: 17    XL:     12   Next: 59%
Magic:  17/27      EV: 10    Int: 24    God:
Gold:   728        SH:  0    Dex: 14    Spells: 20/33 levels left

rFire    + . .     SeeInvis .   h - +7 pair of quick blades "Gyre" and "Gimble" {protect}
rCold    x . .     Faith    .   (shield currently unavailable)
rNeg     + . .     Spirit   .   y - +4 robe of Augmentation {Str+4 Int+4 Dex+4}
rPois    ∞         Reflect  .   g - +0 helmet
rElec    +         Harm     .   a - scarf {repulsion}
rCorr    .         Rampage  +   C - +0 pair of gloves
Will     .....                  d - +0 pair of boots {rampage}
Stlth    ++........             x - amulet of regeneration
HPRegen  1.20/turn              k - ring of fire
MPRegen  0.20/turn              b - +4 ring of protection

@: grasped by roots, constricted, repel missiles
A: sickness immunity, AC +8, negative energy resistance 1, electricity
resistance, torment resistance 1, petrification resistance
a: no special abilities


You were on level 12 of the Dungeon.
You visited 3 branches of the dungeon, and saw 14 of its levels.

You collected 728 gold pieces.

Inventory:

Hand Weapons
 h - the +7 pair of quick blades "Gyre" and "Gimble" (weapon) {protect}
   (You found it on level 7 of the Dungeon)

   It grants its wielder temporary protection when it strikes (+7 to AC).
 m - a +0 morningstar of protection
 o - a +3 whip of draining
 p - a +1 whip of venom
Armour
 a - a scarf of repulsion (worn)
 d - a +0 pair of boots of rampaging (worn)
 g - a +0 helmet (worn)
 l - the +3 scale mail of Wimiasobid {rPois Stlth+}
   (You found it on level 11 of the Dungeon)

   rPois:     It protects you from poison.
   Stlth:     It makes you more stealthy.
 y - the +4 robe of Augmentation (worn) {Str+4 Int+4 Dex+4}
   (You found it on level 5 of the Dungeon)

   Str:       It affects your strength (+4).
   Int:       It affects your intelligence (+4).
   Dex:       It affects your dexterity (+4).
 A - +0 steam dragon scales
 C - a +0 pair of gloves (worn)
 D - a +1 hat
Jewellery
 b - a +4 ring of protection (right hand)
 c - a ring of magical power
 j - an amulet of the acrobat
 k - a ring of fire (left hand)
 x - an amulet of regeneration (around neck)
Wands
 w - a wand of flame (51)
Scrolls
 t - 2 scrolls of amnesia
 E - a scroll of fear
 F - a scroll of fog
Potions
 e - a potion of brilliance {unknown}
 f - a potion of heal wounds {unknown}
 i - a potion of invisibility
 n - a potion of berserk rage {unknown}
 q - 3 potions of resistance
 r - 5 potions of curing
 s - 2 potions of might
 u - 2 potions of haste
 v - a potion of degeneration {unknown}
 z - a potion of lignification {unknown}
 B - a potion of ambrosia {unknown}


   Skills:
 + Level 2.5 Fighting
 + Level 4.3 Short Blades
 + Level 1.1 Maces & Flails
 + Level 3.6 Dodging
 - Level 2.1 Stealth
 + Level 11.0 Spellcasting
 + Level 11.2 Conjurations
 + Level 11.5 Fire Magic


You had 20 spell levels left.
You knew the following spells:

 Your Spells              Type           Power      Damage    Failure   Level
a - Foxfire               Conj/Fire      100%       2x1d9     1%          1
b - Conjure Flame         Conj/Fire      80%        6-21      1%          3
c - Sticky Flame          Conj/Fire      80%        2d9       1%          4
d - Fireball              Conj/Fire      40%        3d16      1%          5

Your spell library contained the following spells:

 Spells                   Type           Power      Damage    Failure   Level
 Static Discharge         Conj/Air       40%        N/A       1%          2
 Inner Flame              Hex/Fire       57%        N/A       1%          3
 Mephitic Cloud           Conj/Pois/Air  31%        N/A       3%          3
 Beastly Appendage        Tmut           26%        N/A       4%          1
 Pain                     Necr           52%        1d6       4%          1
 Corpse Rot               Necr/Air       N/A        N/A       7%          2
 Poisonous Vapours        Pois/Air       26%        N/A       7%          2
 Wereblood                Tmut           13%        N/A       7%          2
 Spider Form              Tmut/Pois      6%         N/A       14%         3
 Freezing Cloud           Conj/Ice/Air   15%        6-21      28%         5
 Dispel Undead            Necr           13%        3d9       43%         4
 Agony                    Necr           13%        N/A       78%         5
 Excruciating Wounds      Necr           6%         N/A       78%         5
 Death Channel            Necr           6%         N/A       100%        6


Dungeon Overview and Level Annotations

Branches:
Dungeon (12/15)            Temple (1/1) D:7            Lair (1/6) D:9
    Orc (0/2) D:9

Altars:
Ashenzari
Cheibriados
Dithmenos
Elyvilon
Fedhas
Gozag
Kikubaaqudgha
Makhleb
Nemelex Xobeh
Okawaru
Qazlal
Sif Muna
Trog
Uskayaw
Wu Jian
Xom
Yredelemnul
The Shining One
Beogh

Annotations:
D:6 2 transporters, p0werm0de's ghost, novice GrFi
D:12 Jorgrun; Maurice


Innate Abilities, Weirdness & Mutations

You are immune to sickness and miasma.
Your stone body is resilient. (AC +8)
You are immune to poison.
You resist negative energy. (rN+)
You are resistant to electric shocks. (rElec)
You are resistant to unholy torment.
You are immune to petrification.


Message History

There is an open door here.
Found 25 arrows.
You see here 25 arrows.
You open the door.
Found a chain mail.
There is an open door here.
F - a scroll of fog You open the door.
There is an open door here.
As you open the door, it creaks loudly!
Jorgrun Earthshaker comes into view.
He is wielding a +0 vorpal quarterstaff.
Jorgrun shouts!
You hear a shout!
Jorgrun points at you and mumbles some strange words.
Roots burst forth from the earth!
The grasping roots grab you! The grasping roots constrict you!
Casting: Foxfire (safe; 1% risk of failure)
Confirm with . or Enter, or press ? or * to list all spells.
Aiming: Fireball (dangerous; 1% risk of failure)
Press: ? - help, Shift-Dir - straight line, f - Jorgrun
Aim: Jorgrun, wielding a +0 vorpal quarterstaff and wearing a +0 robe You feel a surge of power!
The fireball explodes!
The fireball engulfs Jorgrun!
Jorgrun is lightly wounded.
The grasping roots constrict you!
Maurice the Thief comes into view.
He is wielding a +0 short sword and carrying a wand of acid (13).
Casting: Fireball (dangerous; 1% risk of failure)
Confirm with . or Enter, or press ? or * to list all spells.
Aiming: Fireball (dangerous; 1% risk of failure)
Press: ? - help, Shift-Dir - straight line, f/p - Jorgrun
Aim: Jorgrun, wielding a +0 vorpal quarterstaff and wearing a +0 robe (lightly wounded)
You feel a surge of power!
The fireball explodes!
The fireball engulfs Jorgrun!!
Jorgrun is moderately wounded.
The fireball engulfs Maurice!!
Maurice is almost dead.
Jorgrun casts a spell past you.
The wall shatters!
The blast of rock fragments hits you!!!
Ouch! That really hurt!
* * * LOW HITPOINT WARNING * * *
You die...

##. #.###.### ..
#..(....# ########.##
#..# ########'####
............####
............'..#
............##.#
............##@#
............##.'.g@...
............####......
...[........# ......
............# .....
...........# ##### ..
.# ##.######


You could see Jorgrun and Maurice.

Vanquished Creatures
  Gastronok (D:12)
  A hydra (D:11)
  5 two-headed ogres
  2 oklob plants (Lair:1)
  2 manticores
  A cane toad (Lair:1)
  Maggie (D:10)
  A rime drake (Lair:1)
  A komodo dragon (Lair:1)
  2 trolls
  4 hornets
  5 blink frogs (Lair:1)
  A spriggan (D:7)
  A shadow (D:10)
  2 wraiths
  4 wyverns
  18 yaks
  A basilisk (D:9)
  A steam dragon (D:8)
  3 vampire mosquitoes (D:10)
  Menkaure (D:4)
  4 water moccasins
  A necrophage (D:7)
  8 orc warriors
  4 black bears
  3 centaurs
  A phantom (D:6)
  A kobold brigand (D:11)
  2 bullfrogs
  2 gnoll sergeants (D:9)
  A water moccasin zombie (D:6)
  4 howler monkeys
  3 wights (D:7)
  An electric eel (D:9)
  4 centaur zombies
  A gnoll shaman (D:9)
  3 hounds
  3 orc priests (D:9)
  3 centaur skeletons
  An iguana (D:6)
  A jelly (D:5)
  A bullfrog skeleton (D:6)
  5 orc wizards
  A killer bee zombie (D:8)
  A hound skeleton (D:4)
  A howler monkey zombie (D:6)
  12 gnolls (D:9)
  5 adders
  2 white imps
  An adder skeleton (D:4)
  3 worms
  3 dart slugs
  40 orcs
  11 ball pythons
  4 bats
  5 endoplasms
  A giant cockroach (D:1)
  10 hobgoblins
  4 jackals (D:2)
  4 frilled lizards
  3 goblins
  12 kobolds
  8 rats
  A toadstool (D:1)
247 creatures vanquished.

Vanquished Creatures (collateral kills)
  2 foxfires
2 creatures vanquished.

Vanquished Creatures (others)
  1049 foxfires
  8 fungi
  6 plants
  3 toadstools (D:1)
1066 creatures vanquished.

Grand Total: 1315 creatures vanquished

Notes
Turn   | Place    | Note
-------+----------+-------------------------------------------
     0 | D:1      | funkygono the Gargoyle Fire Elementalist began the quest
                  | for the Orb.
     0 | D:1      | Reached XP level 1. HP: 10/10 MP: 3/3
   358 | D:1      | Reached XP level 2. HP: 15/15 MP: 1/5
  1257 | D:2      | Reached XP level 3. HP: 19/19 MP: 0/6
  2124 | D:2      | Reached XP level 4. HP: 23/24 MP: 3/8
  2465 | D:2      | Learned a level 3 spell: Conjure Flame
  2470 | D:2      | Learned a level 4 spell: Sticky Flame
  2857 | D:3      | Found an ancient bone altar of Kikubaaqudgha.
  3425 | D:4      | Found an ornate altar of the Wu Jian Council.
  3578 | D:4      | Noticed a black bear
  3585 | D:4      | Killed a black bear
  3586 | D:4      | Reached XP level 5. HP: 28/28 MP: 2/10
  3799 | D:4      | Noticed Menkaure
  3807 | D:4      | Killed Menkaure
  3808 | D:4      | Reached XP level 6. HP: 21/32 MP: 3/12
  3814 | D:4      | Learned a level 5 spell: Fireball
  4137 | D:4      | Found a blossoming altar of Fedhas.
  4172 | D:5      | Entered Level 5 of the Dungeon
  4390 | D:5      | Found the +4 robe of Augmentation {Str+4 Int+4 Dex+4}
  4463 | D:5      | Reached skill level 5 in Fire Magic
  4662 | D:5      | Reached XP level 7. HP: 36/36 MP: 9/13
  5213 | D:6      | Found a transporter.
  5226 | D:6      | Reached skill level 5 in Spellcasting
  5279 | D:6      | Found a basalt altar of Yredelemnul.
  5304 | D:6      | Reached XP level 8. HP: 41/41 MP: 5/15
  5603 | D:6      | Reached skill level 5 in Conjurations
  5756 | D:6      | Found a transporter.
  5757 | D:6      | Noticed p0werm0de's ghost (novice GrFi)
  5759 | D:6      | Identified the +3 dire flail of the Absolute Madman {spect,
                  | Str+8}
  5963 | D:7      | Found an opulent altar of Gozag.
  6181 | D:7      | Found a staircase to the Ecumenical Temple.
  6190 | Temple   | Entered the Ecumenical Temple
  6851 | D:7      | Found a snail-covered altar of Cheibriados.
  7010 | D:7      | Noticed a two-headed ogre
  7010 | D:7      | Noticed a two-headed ogre
  7010 | D:7      | Noticed a spriggan
  7021 | D:7      | Killed a spriggan
  7022 | D:7      | Reached XP level 9. HP: 45/45 MP: 5/18
  7025 | D:7      | Killed a two-headed ogre
  7041 | D:7      | Killed a two-headed ogre
  7042 | D:7      | Reached skill level 1 in Maces & Flails
  7321 | D:7      | Found the +7 pair of quick blades "Gyre" and "Gimble"
                  | {protect}
  7407 | D:8      | Found a bloodstained altar of Trog.
  7465 | D:8      | Reached XP level 10. HP: 42/50 MP: 1/21
  8170 | D:8      | Identified the +4 scale mail of Mumblety Peg {rElec rF+
                  | Str-5 Slay+3}
  8251 | D:8      | Identified a scroll of acquirement
  8251 | D:8      | Acquired a +4 ring of protection
  8343 | D:9      | Reached skill level 1 in Short Blades
  8427 | D:9      | Found a burning altar of Makhleb.
  9382 | D:9      | Found a staircase to the Orcish Mines.
  9692 | D:9      | Found a staircase to the Lair.
 10521 | Lair:1   | Entered Level 1 of the Lair of Beasts
 10592 | Lair:1   | Reached XP level 11. HP: 55/55 MP: 12/24
 10884 | Lair:1   | Reached skill level 10 in Fire Magic
 11055 | Lair:1   | Reached skill level 1 in Fighting
 11587 | Lair:1   | Found a blossoming altar of Fedhas.
 11589 | Lair:1   | Noticed an oklob plant
 11601 | Lair:1   | Killed an oklob plant
 11658 | Lair:1   | Noticed an oklob plant
 11664 | Lair:1   | Killed an oklob plant
 11665 | Lair:1   | Reached skill level 10 in Conjurations
 12062 | D:10     | Entered Level 10 of the Dungeon
 12175 | D:10     | Noticed Maggie
 12190 | D:10     | Killed Maggie
 12191 | D:10     | Reached skill level 10 in Spellcasting
 12471 | D:10     | Noticed a two-headed ogre
 12491 | D:10     | Killed a two-headed ogre
 13111 | D:10     | Reached XP level 12. HP: 54/61 MP: 7/26
 13578 | D:11     | Noticed a two-headed ogre
 13587 | D:11     | Killed a two-headed ogre
 13642 | D:11     | Identified the +3 scale mail of Wimiasobid {rPois Stlth+}
 14007 | D:11     | Noticed a five-headed hydra
 14017 | D:11     | Killed a five-headed hydra
 14752 | D:12     | Noticed Gastronok
 14882 | D:12     | Killed Gastronok
 14955 | D:12     | Noticed a two-headed ogre
 14972 | D:12     | Killed a two-headed ogre
 15306 | D:12     | Noticed Jorgrun
 15307 | D:12     | Noticed Maurice
 15308 | D:12     | HP: 2/64 [Jorgrun/blast of rock fragments (42)]
 15308 | D:12     | Mangled by Jorgrun

Illustrated notes

Levels and vault maps discovered:
D:1:      ldierk_water_garden, layout_loops_ring, corexii_corridor_pit,
          dk_noncrumbling_2, corexii_hall_statues_l,
          minmay_misc_feat_more_columns, minivault_14
D:2:      layout_rooms
D:3:      layout_basic, mainiacjoe_overflow_alcove_4, minmay_misc_feat_hallway,
          serial_bayou_pond_a, minmay_misc_feat_secret_circle
D:4:      layout_rooms, mainiacjoe_overflow_brackets, kennysheep_mini,
          uniq_menkaure
D:5:      layout_loops_corners
D:6:      layout_rooms, nicolae_overflow_hidden_temple, gammafunk_ghost_smash
D:7:      layout_basic, grunt_gozag_breadcrumbs, kennysheep_slug_shrine,
          minmay_temple_entry_statues_fountains,
          hellmonk_guarded_unrand_gyre_and_gimble
D:8:      layout_loops_ring, kennysheep_mini_moat
D:9:      layout_gridville, mainiacjoe_overflow_paths, david_lair_generic,
          david_orc_5, fountainhead
D:10:     layout_loops_corners, uniq_maggie
D:11:     layout_basic
D:12:     layout_roguey, uniq_rupert, uniq_gastronok, uniq_jorgrun, uniq_maurice
Temple:   cyrus_temple_forest
Lair:1:   layout_regular_city, chequers_serial_rivers_micro_b,
          serial_bayou_pond_d, hangedman_tree_tricks, serial_bayou_shore_b

Skill      XL: |  1  2  3  4  5  6  7  8  9 10 11 12 |
---------------+-------------------------------------+-----
Spellcasting   | 3 4 5 6 7 9 10 11 | 11.0
Conjurations   | 2 3 4 6 8 9 10 11 | 11.2
Fire Magic     | 4 5 7 8 9 10 11 | 11.5
Dodging        | 2 3 |  3.6
Maces & Flails | 1 |  1.1
Short Blades   | 1 2 4 |  4.3
Fighting       | 1 2 |  2.5
Stealth        | |  2.1

Action                   |  1- 3 |  4- 6 |  7- 9 | 10-12 || total
-------------------------+-------+-------+-------+-------++-------
Melee: Unarmed           |    26 |       |       |       ||    26
       Whip              |    39 |     8 |    21 |       ||    68
       Pair of quick bla |       |       |     3 |    80 ||    83
 Cast: Foxfire           |    63 |    77 |   116 |   351 ||   607
       Sticky Flame      |       |       |     7 |    56 ||    63
       Conjure Flame     |       |       |     3 |     3 ||     6
       Fireball          |       |       |       |    17 ||    17
  Use: Scroll            |     2 |     3 |     5 |     7 ||    17
Armor: Robe              |    27 |     2 |    24 |    95 ||   148
Dodge: Dodged            |    50 |     2 |    29 |   124 ||   205

Table legend: (Time is in decaauts)
 A = Elapsed time spent in this place.
 B = Non-inter-level travel time spent in this place.
 C = Inter-level travel time spent in this place.
 D = Time resting spent in this place.
 E = Time spent auto-exploring this place.
 F = Levels seen in this place.
 G = Mean time per level.
                   A        B        C        D        E       F      G
               +--------+--------+--------+--------+--------+-----+--------+
         Total |  15287 |  14920 |    367 |   1529 |  10935 |  14 | 1091.9 |
       Dungeon |  13679 |  13351 |    328 |   1527 |   9596 |  12 | 1139.9 |
        Temple |    124 |    124 |      0 |      0 |     74 |   1 |  124.0 |
          Lair |   1483 |   1444 |     39 |      2 |   1264 |   1 | 1483.0 |
               +--------+--------+--------+--------+--------+-----+--------+

Top non-repeatable levels by time:
     D:9: 1682 daAuts
     D:8: 1513 daAuts
    D:10: 1503 daAuts
  Lair:1: 1483 daAuts
     D:1: 1483 daAuts
     D:7: 1354 daAuts
    D:11: 1155 daAuts
     D:2: 1010 daAuts
     D:5: 926 daAuts
     D:3: 926 daAuts
     D:6: 798 daAuts
     D:4: 753 daAuts
    D:12: 570 daAuts
  Temple: 124 daAuts
